[Event "51st Rilton Cup 2023-24"]
[Site "Stockholm"]
[Date "2023.12.27"]
[Round "1.1"]
[White "Sai Agni Jeevitesh, J."]
[Black "Socko, Bartosz"]
[Result "1-0"]
[ECO "E20"]
[WhiteElo "2302"]
[BlackElo "2550"]
[Annotator "TA"]
[PlyCount "107"]
[EventDate "2023.12.27"]
[EventType "swiss"]
[EventCountry "SWE"]
[SourceTitle "playchess.com"]
[Source "ChessBase"]
[SourceQuality "1"]
[TimeControl "40/5400+30:1800+30"]

1. d4 {[%emt 0:00:04] Krasenkow,Michal} Nf6 2. c4 e6 3. Nc3 Bb4 4. f3 O-O 5. e4 d5 6. e5 {[%emt 0:02:32] E20: Nimzo-Indian: 4 g3 and 4 f3.} Nfd7 7. cxd5 exd5 {[%emt 0:00:10] White must now prevent ...c5.} 8. a3 {[%emt 0:00:18] The position is equal.} Bxc3+ 9. bxc3 f6 $1 10. exf6 Qe8+ {[%emt 0:00:06] [#]} 11. Ne2 $146 {[%emt 0:16:15] Strongly threatening fxg7.} ({Predecessor:} 11. Qe2 Qf7 12. fxg7 Re8 13. Be3 Nc6 14. Qd2 Na5 15. Rb1 Nb6 16. Rb4 Nac4 17. Bxc4 dxc4 {1-0 Mamedyarov,S (2757)-Aronian,L (2830) Candidates Tournament 2014 (9)}) 11... Nxf6 12. Bf4 Qe7 13. Qb3 (13. Kf2 $11) 13... Nc6 $17 14. O-O-O a5 ({Better is} 14... b6 $17) 15. Ng3 Ng4 {[%emt 0:01:35][%mdl 64] Discovered Attack} 16. Bd2 (16. Qxd5+ Be6 17. Qc5 Qxc5 18. dxc5 Rxf4 $15) 16... a4 (16... Ne3 $2 17. Re1 $18) 17. Qa2 (17. Qxd5+ Be6 18. Qc5 Qxc5 19. dxc5 Nf2 $17) 17... Nf6 (17... Ne3 $2 18. Re1 $18) 18. Bd3 Na5 19. Bg5 c5 20. Rhe1 Qc7 (20... Qf7 $11) 21. Bxf6 $1 $14 {[%emt 0:02:41] This pair of bishops is nice.} Nb3+ 22. Kb1 gxf6 23. Qe2 (23. dxc5 $14 Qxc5 24. h4) 23... Bd7 $1 $11 24. Nh5 $40 {[%emt 0:04:56][%mdl 128] Qe7 is the strong threat. White attacks.} Rae8 {[%emt 0:04:41] Dodges Qe7} (24... Rf7 $1 $11) 25. Qf2 $1 $14 Rf7 $2 {[%emt 0:08:18][%mdl 8192] This move loses the game for Black.} (25... Qxh2 $2 26. Rh1 Qd6 27. Qh4 $18) (25... Rxe1 $16 {is more resistant.} 26. Qxe1 Qd6) 26. Qh4 $18 Qb6 (26... Qc6 $142 27. Bxh7+ Kf8) 27. Rxe8+ (27. Nxf6+ $2 Qxf6 28. Bxh7+ Kg7 29. Qxf6+ Rxf6 30. Rxe8 Bxe8 $19) 27... Bxe8 28. Re1 Kf8 29. Qf4 {[%emt 0:01:01] White wants to mate with Qh6+.} Nxd4+ 30. Kc1 {[%emt 0:00:17][%cal Bb1c1,Bc1d2,Bd2e2,Be2e3][%mdl 32] Qh6+ would kill now.} Ne6 31. Qh6+ (31. Nxf6 $2 Nxf4 32. Rxe8+ Kg7 33. Nxd5 Nxd3+ $19) (31. Qb8 Qc7 32. Qxc7 (32. Qa8 Re7 $17) 32... Nxc7 $11) 31... Ke7 32. Nf4 (32. Bxh7 Qb3 $11) 32... Qb3 33. Rxe6+ Kd8 34. Kd2 (34. Rxf6 $2 Qxc3+ 35. Kd1 Rxf6 $19) (34. Bxh7 Qxa3+ 35. Kd2 Qb2+ 36. Bc2 d4 $18) 34... d4 35. cxd4 (35. Bxh7 Bd7 $16) 35... c4 (35... Bd7 {is a better defense.}) 36. Bc2 Qxa3 37. Nd5 {[%emt 0:00:34] Intending Qf4 and mate.} Bc6 {[%emt 0:00:38] [#]} 38. Qf4 $1 c3+ (38... Bxd5 39. Qb8+) 39. Ke2 Kd7 40. Nxf6+ Kc8 41. Qe5 (41. Bxh7 Qb2+ 42. Ke1 Rxh7 $11) (41. Bf5 $142 Qb2+ 42. Kf1 Qb5+ 43. Kg1 Qxf5 44. Qxf5 Kb8 45. Qe5+ Ka8 46. Qa5+ Kb8 47. Rd6) 41... Qa2 {[%emt 0:01:23] [#]} 42. Ke3 $1 {[%emt 0:07:06][%cal Oe6e8] Threatening mate with Re8+!} Qxc2 {[%emt 0:01:12] [#]} 43. Re8+ $1 Bxe8 44. Qxe8+ Kc7 45. Qxf7+ {[%emt 0:00:02][%mdl 4096] Endgame} Kb6 46. Nd7+ (46. Nxh7 $2 Qd2+ 47. Ke4 c2 48. Qe6+ Ka7 $19) 46... Ka5 {[%emt 0:01:09] And now ...Qd2+ would win.} 47. Qd5+ ({Not} 47. Qc4 Qc1+ 48. Ke4 Qb1+ 49. Qd3 Qb3 $18) 47... b5 {[%emt 0:02:05] [#] Hoping for ...Qd2+.} 48. Ne5 $1 ({And not} 48. Qc5 Qd2+ 49. Ke4 Qe2+ 50. Kf5 Qd3+ 51. Kg4 Qg6+ 52. Kf4 (52. Kh4 Qh6+ 53. Kg4 Qe6+ 54. Kf4 Qf7+ 55. Ke3 Qxd7 $11) 52... Qf7+ 53. Ke4 Qxd7 $11) 48... Qd2+ 49. Ke4 Qc2+ 50. Kf4 {[%emt 0:00:42] White threatens Nc6+ and mate.} a3 (50... Qd2+ $18 51. Kf5 a3) 51. Nc4+ {[%emt 0:01:26] White mates.} Ka4 {[%emt 0:00:09] [#]} 52. Qxb5+ $3 Kxb5 53. Nxa3+ Kb4 54. Nxc2+ {[%emt 0:00:03] Beautiful play by Sai Agni Jeevitesh!   Weighted Error Value: White=0.18 (very precise) /Black=0.57} 1-0

[Event "51st Rilton Cup 2023-24"]
[Site "Stockholm"]
[Date "2023.12.27"]
[Round "1.2"]
[White "Kulaots, Kaido"]
[Black "Farokhi, Keyvan"]
[Result "1-0"]
[ECO "C02"]
[WhiteElo "2524"]
[BlackElo "2298"]
[Annotator "TA"]
[PlyCount "51"]
[EventDate "2023.12.27"]
[EventType "swiss"]
[EventCountry "SWE"]
[SourceTitle "playchess.com"]
[Source "ChessBase"]
[SourceQuality "1"]
[TimeControl "40/5400+30:1800+30"]

1. e4 c5 2. Nf3 e6 3. c3 d5 4. e5 Bd7 5. d4 Qb6 6. Bd3 Bb5 7. dxc5 $1 {[%emt 0:02:17][%mdl 4] is currently scoring better than 7.0-0.} Bxc5 8. b4 Bxd3 {[%emt 0:03:10] C02: French: Advance Variation.} 9. Qxd3 Bf8 10. O-O Ne7 {[%emt 0:03:18] White has an edge.} 11. Be3 Qc7 {[%emt 0:09:13] Black is weak on the dark squares} 12. Na3 {[%emt 0:06:42] Threatens to win with Nb5.} a6 {[%emt 0:03:03] Prevents Nb5} 13. c4 $1 {[%emt 0:08:19] White has more active pieces.} Nbc6 14. Bc5 Nxe5 15. Nxe5 Qxe5 16. Rfe1 {[%emt 0:05:47] [#]} Qf5 $146 {[%emt 0:01:35] [#]} ({Predecessor:} 16... Qg5 17. Rad1 Ng6 18. Qxd5 Qxd5 19. cxd5 Bxc5 20. bxc5 Rc8 21. c6 bxc6 22. dxe6 fxe6 23. Rxe6+ Kf7 24. Red6 Rhe8 25. Nc4 Re2 26. Rd7+ Kf8 27. R7d2 Rce8 {0-1 Rensen,M (2045)-Galje,H (2007) SA-2020-0-00719}) 17. Qb3 dxc4 18. Nxc4 {[%emt 0:01:54] Black must now prevent Nd6+.} Nc6 {[%emt 0:00:21] [#]} (18... Nd5 $14) 19. Bxf8 $1 $16 Kxf8 20. Rad1 Ke7 $2 (20... Kg8 $16 {is more resistant.}) 21. Nd6 (21. Qg3 Rhd8 $14) (21. Qa3 $142 {And now b5+ would win.} Qb5 22. Nd6 (22. Qd3 Rad8 $17) 22... Qxb4 23. Qf3) 21... Qf4 $2 (21... Qh5 {keeps fighting.}) 22. Re4 $18 (22. Nxb7 Qxb4 23. Qg3 Rhb8 $18) 22... Qg5 23. Nxf7 {[%emt 0:11:23][%mdl 64] Decoy} ({Less strong is} 23. Nxb7 Rhc8 24. Rc4 Na7 $18) 23... Kxf7 (23... Qg6 $142) 24. Qxe6+ (24. Rd7+ $142 Kf8 25. Qf3+ (25. Qxe6 Qf6 $15) 25... Qf5 26. Rf4 (26. Rxb7 $2 Qxf3 27. gxf3 h5 $17)) 24... Kf8 25. Rd5 {[%emt 0:04:02] White threatens Rf5+ and mate.} ({And not} 25. Rd7 Qf6 26. Qxf6+ gxf6 $15) 25... Qe7 26. Rf5+ {[%emt 0:00:24] Weighted Error Value: White=0.47/Black=0.90} 1-0

[Event "51st Rilton Cup 2023-24"]
[Site "Stockholm"]
[Date "2023.12.27"]
[Round "1.3"]
[White "Wartiovaara, Oliver"]
[Black "Gorshtein, Ido"]
[Result "1/2-1/2"]
[ECO "B12"]
[WhiteElo "2294"]
[BlackElo "2523"]
[Annotator "TA"]
[PlyCount "74"]
[EventDate "2023.12.27"]
[EventType "swiss"]
[EventCountry "SWE"]
[SourceTitle "playchess.com"]
[Source "ChessBase"]
[SourceQuality "1"]
[TimeControl "40/5400+30:1800+30"]

1. e4 c6 2. d4 d5 3. f3 e6 4. Nc3 Bb4 5. a3 Bxc3+ 6. bxc3 {[%emt 0:00:04] B12: Caro-Kann: Advance Variation.} b6 (6... dxe4 $15 7. Nh3 Nf6) 7. Nh3 Ne7 8. Be3 O-O {[%emt 0:08:03] [#]} 9. Qd2 $146 ({Predecessor:} 9. Nf2 Ba6 10. Bxa6 Nxa6 11. Qe2 Qc8 12. O-O c5 13. Rfb1 cxd4 14. cxd4 Nb8 15. a4 {1-0 Steindl,J (2276)-Hafner,R (2082) St Veit op 38th 2019 (6)}) 9... Ba6 10. Bxa6 Nxa6 11. O-O c5 12. Nf4 Rc8 13. dxc5 Nxc5 14. exd5 e5 (14... Nxd5 {simplifies} 15. Nxd5 Qxd5 16. Qxd5 exd5 17. Rfd1 Na4) 15. d6 {[%emt 0:11:55] [#]} Nf5 {[%emt 0:00:35] Threatens to win with ...Nxe3.} 16. Bxc5 Rxc5 17. Nd3 Ra5 (17... Qxd6 18. Qg5 $11) 18. Nb4 {[%emt 0:08:17] Strongly threatening Nc6.} Qxd6 ({But not} 18... Nxd6 19. Nc6 Qc7 20. Nxa5 bxa5 21. Qd5 $18) 19. Qxd6 Nxd6 20. Rfd1 Nc8 ({Black should play} 20... Nf5 $1 $15) 21. Rd7 $11 {[%emt 0:01:24] The position is equal.} Rc5 22. Nd5 b5 23. a4 bxa4 24. Rxa4 Rxd5 {[%emt 0:04:38][%mdl 64] [#] Remove Defender, Decoy} 25. Rxd5 {[%emt 0:00:05][%mdl 4096] Endgame KRR-KRN} Nb6 26. Rda5 {[%emt 0:00:39] And now Rb4 would win.} Nxa4 27. Rxa4 {[%emt 0:00:04] KR-KR} Ra8 28. Ra6 Kf8 29. c4 Ke7 30. c5 Kd7 31. Kf2 Kc7 32. c6 Kd6 33. c3 f5 34. h4 g6 35. Ke3 h6 36. Ke2 Kc7 37. Ke3 Kd6 {[%emt 0:00:10] Weighted Error Value: White=0.06 (flawless) /Black=0.08 (flawless)} 1/2-1/2

[Event "51st Rilton Cup 2023-24"]
[Site "Stockholm"]
[Date "2023.12.27"]
[Round "1.4"]
[White "Blomqvist, Erik"]
[Black "Utsab Chatterjee"]
[Result "1/2-1/2"]
[ECO "B30"]
[WhiteElo "2521"]
[BlackElo "2289"]
[Annotator "TA"]
[PlyCount "68"]
[EventDate "2023.12.27"]
[EventType "swiss"]
[EventCountry "SWE"]
[SourceTitle "playchess.com"]
[Source "ChessBase"]
[SourceQuality "1"]
[TimeControl "40/5400+30:1800+30"]

1. e4 c5 2. Nc3 Nc6 3. Nf3 e5 4. Bc4 d6 5. d3 Be7 6. Nd2 Nf6 7. Nf1 Bg4 {[%emt 0:00:51] 7...Nd7 is not played anymore.} 8. Qd2 {[%emt 0:00:28] [#] B30: Sicilian: 2...Nc6 3 Bb5, lines without ...g6.} Qd7 $146 ({Predecessor:} 8... O-O 9. Ne3 Be6 10. O-O a6 11. a4 Nb4 12. b3 d5 13. exd5 Nfxd5 14. Ncxd5 Nxd5 15. Bb2 f6 16. Nxd5 Bxd5 17. Bxd5+ Qxd5 {1-0 Alekseenko,K (2702)-Gukesh,D (2614) Wch Blitz Warsaw 2021 (1)}) 9. Ne3 Be6 10. Ncd5 {[%emt 0:02:09] White is slightly better.} Bd8 11. O-O O-O 12. a4 Nh5 13. Qd1 g6 14. c3 (14. g3 {with more complications.} Bh3 15. Ng2 Kg7 16. Qd2) 14... Ng7 15. a5 Rb8 (15... f5 $1 $11) 16. b4 cxb4 17. cxb4 f5 18. Bd2 (18. f4 $14) 18... f4 $11 19. Nc2 Ne7 20. Nxe7+ Bxe7 21. Bxe6+ Nxe6 22. f3 ({Better is} 22. Ne1 $11) 22... Rbc8 23. Qb1 d5 24. Qb3 Rfd8 25. Rfd1 Kf8 26. Be1 dxe4 27. fxe4 {[%emt 0:00:05] [#]} Ng5 $1 {[%emt 0:00:34][%cal Be6g5,Bg5h3,Bh3f2][%mdl 32] Threatens to win with ...Qg4.} 28. Bf2 Qg4 29. Bxa7 {[%emt 0:01:57] [#]} f3 (29... Nh3+ $1 $17 30. Kh1 Qe2) 30. Ne3 {[%emt 0:01:12] The position is equal.} Nh3+ 31. Kh1 Nf2+ 32. Kg1 Nh3+ 33. Kh1 {[%emt 0:00:05] Really sharp!} Nf2+ 34. Kg1 Nh3+ {[%emt 0:00:11] Weighted Error Value: White=0.13 (very precise) /Black=0.11 (very precise)} 1/2-1/2

[Event "51st Rilton Cup 2023-24"]
[Site "Stockholm"]
[Date "2023.12.27"]
[Round "1.5"]
[White "Le Goff, Ronan"]
[Black "Prraneeth Vuppala"]
[Result "0-1"]
[ECO "D02"]
[WhiteElo "2287"]
[BlackElo "2515"]
[Annotator "TA"]
[PlyCount "84"]
[EventDate "2023.12.27"]
[EventType "swiss"]
[EventCountry "SWE"]
[SourceTitle "playchess.com"]
[Source "ChessBase"]
[SourceQuality "1"]
[TimeControl "40/5400+30:1800+30"]

1. d4 d5 2. Nf3 e6 3. g3 b6 4. Bg2 Bb7 5. O-O Nd7 6. a4 {[%emt 0:06:49] [#] D02: 1 d4 d5 2 Nf3 sidelines, including 2...Nf6 3 g3 and 2...Nf6 3 Bf4.} c5 $146 ({Predecessor:} 6... a5 7. Nc3 Bb4 8. Bg5 Ne7 9. Na2 Bd6 10. Nc1 O-O 11. Nd3 f6 12. Bf4 Ng6 13. Bxd6 cxd6 {1-0 Thorfinnsson,B (2439)-Grandelius,N (2663) Titled Tuesday intern op 02nd Mar blitz 2021 (2)}) 7. a5 Bd6 {[%emt 0:01:42] [#] Repels Ne5} 8. c4 $1 {[%emt 0:05:41] White is slightly better.} Ngf6 (8... Ne7 9. cxd5) 9. cxd5 exd5 ({Better is} 9... Bxd5 $14 10. Nc3 O-O) 10. Nc3 ({White should play} 10. Nh4 $16) 10... O-O $14 11. Bg5 h6 12. Bxf6 Nxf6 13. e3 Re8 14. Qc2 Qd7 15. dxc5 bxc5 16. Rfd1 Rac8 17. a6 Bc6 18. h3 Qe6 19. Qd3 Red8 20. b4 d4 21. exd4 (21. bxc5 $2 Bxf3 22. Bxf3 dxc3 23. cxd6 c2 $17) 21... c4 (21... cxb4 22. d5 Qe8 23. dxc6 $11) 22. Qc2 (22. Qe2 $11) 22... Nd5 $2 {[%emt 0:05:15] Black is more active.} (22... Bxb4 $17 23. Re1 Qd6) 23. Nxd5 (23. b5 $5 Nb4 24. Qd2 $14) 23... Bxd5 {[%emt 0:00:33] This pair of bishops is nice.} 24. Re1 Qf6 (24... Qd7 {looks sharper.} 25. Ng5 hxg5 26. Bxd5 Bxb4 27. Re5 Be7) 25. Ne5 (25. Qc3 $5 ) 25... Bxg2 (25... Bxb4 {keeps more tension.} 26. Red1 Bxg2 27. Kxg2 c3) 26. Kxg2 Bxb4 27. Re4 Qe6 (27... Bd6 $5 ) 28. Nf3 Qc6 29. Ra4 Qb5 (29... f5 30. Rf4 Be7 31. d5 Qxd5 32. Raxc4 Rxc4 33. Rxc4 $14) 30. Re5 Qb6 31. Ra1 c3 32. Rb1 Rc4 33. d5 (33. Re4 $142) 33... Qxa6 $17 34. Qe2 {[%emt 0:01:50] [#]} (34. Ne1 $17 {keeps fighting.}) 34... Qc8 $1 $19 {[%emt 0:01:09] Hoping for ...c2.} ({Worse is} 34... c2 35. Rc1 Qc8 36. Re4 Rxe4 37. Qxe4 $17) 35. Re4 {[%emt 0:01:20] [#]} Rxe4 36. Qxe4 a5 ({Not} 36... c2 37. Rc1 a5 38. Rxc2 $17) 37. Ne5 $2 (37. Rd1 {is a better chance.}) 37... Qc5 $2 (37... Re8 $19 {and Black stays clearly on top.} 38. Qf4 Rxe5 39. Qxe5 c2) 38. Rd1 $2 {[%emt 0:00:59][%mdl 8192] Loses the game.} (38. Nc6 $17 Rf8 39. Re1 (39. Nxb4 $2 axb4 40. Rxb4 c2 $19)) 38... c2 39. Nxf7 (39. Rc1 $19 Qxd5 40. Qxd5 Rxd5 41. Nc4) 39... cxd1=Q {[%emt 0:01:41] Black mates.} 40. Nxh6+ gxh6 41. Qe6+ Kf8 42. Qxh6+ Ke8 {[%emt 0:00:00] Weighted Error Value: White=0.50/Black=0.26 (precise)} 0-1

[Event "51st Rilton Cup 2023-24"]
[Site "Stockholm"]
[Date "2023.12.27"]
[Round "1.6"]
[White "Subelj, Jan"]
[Black "Karamsetty, Jeevan"]
[Result "1-0"]
[ECO "C70"]
[WhiteElo "2512"]
[BlackElo "2275"]
[Annotator "TA"]
[PlyCount "108"]
[EventDate "2023.12.27"]
[EventType "swiss"]
[EventCountry "SWE"]
[SourceTitle "playchess.com"]
[Source "ChessBase"]
[SourceQuality "1"]
[TimeControl "40/5400+30:1800+30"]

1. e4 e5 2. Nf3 Nc6 3. Bb5 a6 4. Ba4 b5 5. Bb3 Na5 6. d4 exd4 7. Nxd4 {[%emt 0:04:21][%cal Ob3f7] C70: Ruy Lopez: 3...a6 4 Ba4, Norwegian and Delayed Schliemann.} (7. Qxd4 {keeps more tension.} Bb7 8. O-O Nf6 9. e5) 7... Bb7 8. O-O c5 (8... Bxe4 $2 9. Qe1 d5 10. f3 $18) 9. Nf5 {[%emt 0:01:13] Bd5 would be deadly. The position is equal.} c4 {[%emt 0:06:55] [#]} (9... Bxe4 $2 10. Re1 Be7 11. Rxe4 $18) 10. e5 $146 ({Predecessor:} 10. Bf4 cxb3 11. axb3 Nc6 12. Nc3 g6 13. Nd6+ Bxd6 14. Bxd6 Nge7 15. Nd5 O-O 16. Bc7 {1-0 Vachier Lagrave,M (2760)-Firouzja,A (2759) Paris GCT Rapid 2021 (9)}) 10... Qb6 $1 $19 11. Nd6+ Bxd6 12. exd6 Nf6 {[%emt 0:03:31] Wards off Qg4} 13. Re1+ Kf8 $1 14. Bf4 (14. Be3 $17 {is a better defense.} Qd8 15. Nd2) 14... cxb3 $40 {[%emt 0:09:36][%mdl 128] Black has strong attack.} 15. axb3 Nc6 16. Be3 Qd8 17. Nc3 h6 18. Qd2 Kg8 19. Bc5 Qf8 20. h3 Nd8 21. Re7 Ne6 22. Bb4 Qc8 23. Nd1 Nd5 {[%emt 0:02:49] Inhibits Ne3. Hoping for ...Nxb4.} ({Don't blunder} 23... Qc6 $2 24. Ne3) 24. Ne3 Nxb4 25. Qxb4 Qc6 26. Rd1 Kh7 27. Rxf7 (27. Qg4 {was necessary.} Rhf8 28. c3) 27... Rhf8 28. Re7 Nf4 29. Qd2 {[%emt 0:03:36] [#]} (29. f3 {might work better.}) 29... Nxh3+ $1 {[%emt 0:00:36][%mdl 576] Discovered Attack, Double Attack} 30. Kh2 {[%emt 0:00:05] aiming for Qd4.} Nxf2 31. Qd4 {[%emt 0:00:47][%csl Ge7][%cal Rd4g7] Wards off Qc5} Rg8 32. Rd2 Raf8 33. Qh4 Ne4 $4 {[%emt 0:00:46][%mdl 8192] [#]} (33... Kh8 $19 34. Rd5 Rf6) 34. Ng4 $1 $18 Rf6 35. Nxf6+ Nxf6 36. Qxf6 Kh8 37. Qf5 Bc8 38. Qd5 Qb6 (38... Qxd5 $142 39. Rxd5 Bb7) 39. Qd4 Qc6 (39... Qxd4 $142 40. Rxd4 Kh7) 40. Qc3 (40. Rde2 $142 {[%cal Oe7g7] White wants to mate with Rxg7!} Bb7 41. Rxg7 {[%mdl 64] Remove Defender, Deflection} Rxg7 42. Re8+ Kh7 43. Qd3+ Qe4 44. Rxe4 Bxe4 45. Qxe4+ Kg8 46. Qb7) 40... Bb7 41. Qxc6 Bxc6 {[%emt 0:30:02][%mdl 4096] Endgame KRR-KRB} 42. Rde2 Kh7 43. Re8 Rxe8 44. Rxe8 {[%emt 0:00:00] KR-KB} Kg6 45. b4 Kf5 46. Kg3 g6 47. b3 Be4 48. c4 bxc4 49. bxc4 {[%emt 0:00:00] Black must now prevent b5.} Bd3 {[%emt 0:00:00] [#]} (49... Bc6 $142 50. Re2 Kf6) 50. b5 $1 Bxc4 (50... axb5 51. c5) 51. b6 ({Less strong is} 51. Rf8+ Ke5 $16) 51... Bd5 52. Re7 Bc6 {[%emt 0:02:54] [#]} 53. Rxd7 $3 Ke6 (53... Bxd7 54. b7) 54. b7 (54. Rg7 $142 Kxd6 55. b7 Bxb7 56. Rxb7 Kc5 57. Rh7 h5 58. Rg7 Kc6 59. Rxg6+ Kb5 60. Kh4) 54... Kd5 {[%emt 0:00:07] A brilliant game!   Weighted Error Value: White=0.70/Black=0.36} 1-0

[Event "51st Rilton Cup 2023-24"]
[Site "Stockholm"]
[Date "2023.12.27"]
[Round "1.7"]
[White "Grahn, Vidar"]
[Black "Raja Rithvik R"]
[Result "0-1"]
[ECO "D30"]
[WhiteElo "2274"]
[BlackElo "2500"]
[Annotator "TA"]
[PlyCount "76"]
[EventDate "2023.12.27"]
[EventType "swiss"]
[EventCountry "SWE"]
[SourceTitle "playchess.com"]
[Source "ChessBase"]
[SourceQuality "1"]
[TimeControl "40/5400+30:1800+30"]

1. d4 d5 2. c4 e6 3. Nf3 c6 4. g3 dxc4 5. Bg2 b5 6. Ne5 {[%emt 0:01:33] D30: Queen's Gambit Declined: Systems without Nc3.} Bb7 7. O-O Nf6 8. a4 {[%emt 0:00:31] [#] axb5 would be deadly. The position is equal.} a6 9. b3 cxb3 10. Bb2 Nbd7 11. Qxb3 Nxe5 12. dxe5 Nd7 13. Nc3 (13. Nd2 $11) 13... Nc5 $15 14. Qc2 {[%emt 0:01:25] [#]} Be7 $146 (14... b4 $5 15. Nb1 Nd7 $15) ({Predecessor:} 14... b4 15. Nd1 Nd7 16. Ne3 Qc8 17. Nc4 c5 18. Be4 Bxe4 19. Qxe4 Be7 20. f4 g6 {0-1 Aditya,M (2487)-Gukesh,D (2614) BAN-chT Dhaka 2022 (8.6)}) 15. Rfd1 Qb6 16. a5 Qc7 17. f4 (17. Ne4 Nxe4 18. Bxe4 c5 $19) (17. Ba3 $15) 17... O-O $19 18. e3 Rfd8 19. Rd4 (19. Ba3 $17) 19... Nd7 20. Ne4 c5 21. Rad1 Nf8 (21... Qxa5 22. Rxd7 Qa4 23. Qxa4 bxa4 24. Nf6+ Bxf6 25. Bxb7 Rxd7 26. Rxd7 $18 (26. Bxa8 $2 Rxd1+ 27. Kf2 Rd2+ {[%mdl 64] Skewer, Double Attack} 28. Kf3 Rxb2 $19)) 22. Nd6 Bxg2 (22... Qxa5 $2 23. Nxb7 Qc7 24. Nxd8 Rxd8 25. Rxd8 Bxd8 26. Rd6 $18) 23. Kxg2 Rd7 ({Not} 23... Qxa5 24. Qxc5 Bxd6 25. Rxd6 $17) 24. R4d2 Rad8 (24... Qxa5 25. Qxc5 Rc7 26. Qd4 $15) 25. Kf2 Qc6 ({And not} 25... Qxa5 26. Qxc5 Qc7 27. Qxc7 Rxc7 28. Ba3 $15) ({Weaker is} 25... Bxd6 26. exd6 Qc6 27. Qc3 $17) 26. Ba3 Bxd6 27. exd6 {[%emt 0:00:20] [#]} Rxd6 (27... Rc8 $1 $19 {White must now prevent ...b4.} 28. Bc1 b4) 28. Rxd6 $17 Rxd6 29. Rxd6 (29. Rc1 $17) 29... Qxd6 $19 30. Bxc5 {[%emt 0:01:06][%mdl 4096] Endgame KQB-KQN} Qc7 {[%emt 0:05:19] Hoping for ...Nd7.} 31. Qc3 Nd7 32. Bb4 Qxc3 33. Bxc3 {[%emt 0:00:13] KB-KN} Nc5 {[%emt 0:00:18] ...Ne4+ is the strong threat.} 34. Bd4 (34. Ke2 {was called for.}) 34... Ne4+ 35. Ke2 f5 36. Kd3 Kf7 37. Bb2 Nc5+ 38. Kc3 $2 (38. Kc2) 38... Na4+ {[%emt 0:02:47] Weighted Error Value: White=0.45/Black=0.08 (flawless)} 0-1

[Event "51st Rilton Cup 2023-24"]
[Site "Stockholm"]
[Date "2023.12.27"]
[Round "1.8"]
[White "Parkhov, Yair"]
[Black "Srija, Seshadri"]
[Result "1-0"]
[ECO "D31"]
[WhiteElo "2495"]
[BlackElo "2272"]
[Annotator "TA"]
[PlyCount "55"]
[EventDate "2023.12.27"]
[EventType "swiss"]
[EventCountry "SWE"]
[SourceTitle "playchess.com"]
[Source "ChessBase"]
[SourceQuality "1"]
[TimeControl "40/5400+30:1800+30"]

1. d4 d5 2. c4 e6 3. Nc3 c6 4. e4 dxe4 5. Nxe4 Bb4+ 6. Bd2 Qxd4 7. Bxb4 Qxe4+ 8. Be2 Na6 9. Bd6 Qxg2 {[%emt 0:02:14] D31: Queen's Gambit Declined: Semi-Slav without ...Nf6 (+ Marshall Gambit and Noteboom) and Exchange Variation lines without ...Nf6.} 10. Bf3 (10. Qd2 $5 Nf6 11. Bf3 $11) 10... Qg5 11. Ne2 $1 {[%emt 0:00:07] [#]} Bd7 $146 {[%emt 0:08:32] Black has an edge.} ({Predecessor:} 11... Ne7 12. Rg1 Qa5+ 13. Nc3 Nf5 14. Kf1 e5 15. Be4 Nxd6 16. Qxd6 Bh3+ 17. Ke2 Rd8 18. Qa3 Qxa3 19. bxa3 g6 20. Na4 Be6 21. Rgc1 Rd4 {0-1 Shyam,N (2398)-Adhiban,B (2542) Wch U20 50th 2011 (7)}) 12. b4 {[%emt 0:30:40][%cal Ob4b5][%mdl 1024] White has compensation.} (12. Rg1 $5 Qa5+ 13. Nc3 $14) 12... Rd8 13. Ng3 f5 $2 ({Black should try} 13... Bc8 $11 14. Ne4 Qh6) 14. Bh5+ $16 {[%emt 0:20:04] A strong pair of Bishops.} g6 15. Qd4 $1 $36 {[%emt 0:01:12][%csl LRa7,LRh8][%mdl 2048] White is in control.} e5 16. Bxe5 {[%emt 0:09:04] Bf3 is the strong threat. White is more active.} (16. Qxe5+ Kf7 17. Be2 (17. Qxh8 Re8+ $15) 17... Re8 $14) 16... Be6 17. Qc3 {[%emt 0:02:30] Be2 would be deadly.} ({Inferior is} 17. Qxa7 f4 18. Bxh8 fxg3 19. hxg3 Bxc4 20. Qe3+ Qxe3+ 21. fxe3 gxh5 $17) 17... f4 $2 {[%emt 0:03:41] [#]} (17... gxh5 $16 18. Bxh8 f4) 18. Ne4 ({Weaker is} 18. Bxh8 fxg3 19. fxg3 gxh5 $16) (18. Be2 $1 $18 {and the rest is easy.}) 18... Qxh5 (18... Qg2 $2 19. Bf3 Qh3 20. Ng5 $18) 19. Bxh8 b5 {[%emt 0:13:00] [#]} (19... Rd7 $16 {is a better defense.}) 20. O-O $1 $18 bxc4 21. f3 Nc7 $2 (21... Rd3 22. Qg7 Rxf3) 22. Rad1 {[%emt 0:03:03] Strongly threatening Qg7.} Rxd1 (22... Nd5 $142 23. Qxc4 Nge7) 23. Rxd1 Nd5 24. Qxc4 Qxf3 $2 (24... Nge7 25. Qe2 Kf8) 25. Qxc6+ Kf8 26. Nf2 $2 (26. Qd6+ {mates} Ke8 27. Qxe6+ Nge7 28. Rxd5 Qe3+ 29. Kf1 Qf3+ 30. Ke1 Qh1+ 31. Kd2) 26... Kf7 $2 (26... Qe3 27. Bd4 Qe2 28. Bc5+ Nde7) 27. Re1 Bh3 28. Qe8# {[%emt 0:00:10] A superb game by Parkhov.   Weighted Error Value: White=0.43/Black=1.03} 1-0